 Dungeon Crawl Stone Soup version 0.31-a0-149-g3fdcc5976a (webtiles) character file.

Game seed: 12944587587319262497

317 qw the Shooter (level 6, -2/52 HPs)
             Began as a Minotaur Hunter on June 7, 2023.
             Slain by Pikel
             ... wielding a +2 whip of freezing
              (7 damage)
             ... on level 4 of the Dungeon.
             The game lasted 00:00:41 (2761 turns).

qw the Shooter (Minotaur Hunter)                    Turns: 2761, Time: 00:00:41

Health: -2/52      AC:  5    Str: 13 (15) XL:     6   Next: 20%
Magic:  5/5        EV: 11    Int:  3 (6)  God:
Gold:   143        SH:  0    Dex: 14 (16) Spells: 5/5 levels left

rFire   . . .        Y - +0 hand crossbow (heavy)
rCold   . . .        (no shield)
rNeg    . . .        h - +0 ring mail
rPois   .            (helmet restricted)
rElec   .            (no cloak)
rCorr   .            (no gloves)
SInv    .            (no boots)
Will    .....        (no amulet)
Stlth   +            (no ring)
HPRegen 0.28/turn    (no ring)
MPRegen 0.09/turn

%: no passive effects
@: no status effects
A: horns 2, retaliatory headbutt
a: no special abilities


You were on level 4 of the Dungeon.
You visited 1 branch of the dungeon, and saw 4 of its levels.

You collected 143 gold pieces.


Innate Abilities, Weirdness & Mutations

You have a pair of horns on your head.
You reflexively headbutt those who attack you in melee.


   Skills:
 - Level 4.1 Fighting
 - Level 7.7 Ranged Weapons
 + Level 0.0 Armour
 - Level 2.1 Dodging
 - Level 0.7 Stealth


You had 5 spell levels left.
You didn't know any spells.
Your spell library was empty.

Inventory:

Hand Weapons
 Y - a +0 heavy hand crossbow (weapon)
Armour
 h - a +0 ring mail (worn)
Scrolls
 d - a scroll of identify
 g - a scroll of teleportation
Potions
 a - a potion of attraction {unknown}
 i - a potion of haste {unknown}

Dungeon Overview and Level Annotations

Branches:
Dungeon (4/15)
 Temple: D:4-7

Altars:

Annotations:
D:4 Pikel


Message History

(D) Dungeon
Where to? (* - list waypoints, Enter - D:3, ? - help)
What level of the Dungeon? (default 1, ? - help)
There is a stone staircase leading down here.
You climb downwards.
The goblin shouts!
There is a stone staircase leading up here.
A goblin is nearby!
Waypoint 3 assigned to D:4.
You shoot a bolt. The bolt hits the goblin.
The goblin is moderately wounded.
You shoot a bolt. The bolt hits the goblin!!
You kill the goblin! 3 lemures come into view.
The lemure shouts!
You hear a shout! x2
You shoot a bolt. The bolt closely misses the lemure.
A lemure comes into view.
Pikel, Merchant of Souls comes into view.
He is wielding a +2 whip of freezing.
The lemure hits you but does no damage. The lemure hits you.
The lemure closely misses you.
Pikel moves out of view.
You shoot a bolt. The bolt barely misses the lemure.
The lemure hits you. The lemure misses you. The lemure hits you!
You shoot a bolt. The bolt closely misses Pikel.
The lemure hits you but does no damage.
Pikel hits you with a +2 whip of freezing.
Pikel freezes you. The lemure closely misses you. You furiously retaliate!
You headbutt the lemure.
Pikel hits you with a +2 whip of freezing.
Pikel freezes you.
You shoot a bolt. The bolt closely misses the lemure.
The lemure hits you but does no damage. Pikel barely misses you.
The lemure hits you!
Pikel hits you with a +2 whip of freezing!
Pikel freezes you. The lemure barely misses you.
Pikel hits you with a +2 whip of freezing.
Pikel freezes you.
You shoot a bolt. The bolt closely misses the lemure.
Pikel hits you with a +2 whip of freezing.
Pikel freezes you. The lemure hits you.
Pikel hits you with a +2 whip of freezing!
You die...

#######.#
.#
#<).....#
..
#.#######
.. #...# #.
###.# #.
#.#### #5
#....#
#K#######.#
#5@.....#.#
#######.#.#
#...# #.###
###


You could see Pikel and 2 lemures.

Vanquished Creatures
  Grinder (D:3)
  An orc priest (D:3)
  4 adders
  3 worms
  2 dart slugs
  2 orcs (D:3)
  5 bats
  7 endoplasms
  A giant cockroach (D:3)
  2 goblins
  4 hobgoblins
  3 jackals (D:3)
  A quokka (D:2)
  3 ball pythons (D:1)
  2 frilled lizards
  4 kobolds
  3 rats
48 creatures vanquished.

Notes
Turn   | Place    | Note
-------+----------+-------------------------------------------
     0 | D:1      | qw the Minotaur Hunter began the quest for the Orb.
     0 | D:1      | Reached XP level 1. HP: 18/18 MP: 0/0
     0 | D:1      | 0 ||| qw: Version: 0.2-a-117-gc6b5c8b
     0 | D:1      | 0 ||| qw: Game counter: 2597
     0 | D:1      | 0 ||| qw: Always use a shield: true
     0 | D:1      | 0 ||| qw: God list: Okawaru
     0 | D:1      | 0 ||| qw: Allow faded altars: false
     0 | D:1      | 0 ||| qw: Do Orc after D:15 true
     0 | D:1      | 0 ||| qw: Do second Lair branch before Depths: true
     0 | D:1      | 0 ||| qw: Lair rune preference: random
     0 | D:1      | 0 ||| qw: Plans: Normal
     0 | D:1      | 0 ||| PLANNING D:1-11
   450 | D:1      | Reached XP level 2. HP: 25/25 MP: 1/1
   692 | D:1      | Reached skill level 5 in Ranged Weapons
   783 | D:1      | 783 ||| READING scroll labelled HIEDEO ZUEMOSE.
   784 | D:1      | 784 ||| READING scroll labelled HIOCOY JOUMPUN.
   789 | D:1      | 789 ||| READING scroll labelled SEAQIA NOUREQO.
   790 | D:1      | 790 ||| READING scroll labelled NOWKISSYZUEB.
   791 | D:1      | 791 ||| DRINKING 2 cyan potions.
   792 | D:1      | 792 ||| DROPPING scroll of butterflies.
   793 | D:1      | 793 ||| DROPPING potion of enlightenment.
   795 | D:1      | 795 ||| Stepping ~*~*~tactically~*~*~ (cloud).
   799 | D:1      | HP: 5/25 [poisoned by you (poison gas)]
   803 | D:1      | HP: 2/25 [poisoned by you (poison gas)]
   938 | D:2      | Reached skill level 3 in Fighting
   957 | D:2      | Reached XP level 3. HP: 31/31 MP: 2/2
  1151 | D:2      | 1151 ||| SWAPPING to +0 heavy hand crossbow.
  1152 | D:2      | 1152 ||| DROPPING +0 shortbow.
  1258 | D:2      | Found a faded altar of an unknown god.
  1664 | D:2      | 1664 ||| READING 3 scrolls labelled GITZUAPOAVO.
  1665 | D:2      | 1665 ||| READING 2 scrolls of identify.
  1665 | D:2      | 1665 ||| IDENTIFYING grey potion
  1666 | D:2      | 1666 ||| DROPPING potion of brilliance.
  1850 | D:3      | Reached XP level 4. HP: 38/38 MP: 3/3
  1886 | D:3      | Reached skill level 6 in Ranged Weapons
  2085 | D:3      | Noticed Grinder
  2087 | D:3      | Killed Grinder
  2088 | D:3      | Reached skill level 7 in Ranged Weapons
  2088 | D:3      | Reached XP level 5. HP: 46/46 MP: 4/4
  2088 | D:3      | Reached XP level 6. HP: 52/52 MP: 5/5
  2579 | D:3      | 2579 ||| UPGRADING to +0 ring mail.
  2589 | D:3      | 2589 ||| DROPPING +0 leather armour.
  2590 | D:3      | 2590 ||| READING scroll labelled HUC HIVVAE.
  2676 | D:3      | 2676 ||| READING scroll labelled ELOXTO JUGORHEDGH.
  2677 | D:3      | 2677 ||| DRINKING 2 fuming emerald potions.
  2678 | D:3      | 2678 ||| DROPPING potion of degeneration.
  2757 | D:4      | Noticed Pikel
  2761 | D:4      | HP: 12/52 [Pikel/+2 whip of freezing (3)]
  2761 | D:4      | HP: 5/52 [lemure[Pikel] (5)]
  2761 | D:4      | Slain by Pikel

Levels and vault maps discovered:
D:1:      heliophobic_arrival_glass_houses, layout_loops_ring
D:2:      layout_basic, chequers_ecumenical_altar_island
D:3:      layout_basic, serial_curves, eino_curves_02, eino_curves_01,
          eino_curves_04, eino_curves_04, columned_hall_lemuel, uniq_grinder
D:4:      layout_basic, minmay_fountain_box, uniq_pikel

Skill      XL: |  1  2  3  4 |
---------------+-------------+-----
Ranged Weapons | 5 7 |  7.7
Fighting       | 3 4 |  4.1
Dodging        | |  2.1
Stealth        | |  0.7

Action                     |  1- 3 |  4- 6 || total
---------------------------+-------+-------++-------
   Fire: Shortbow          |    47 |       ||    47
         Hand crossbow     |    18 |    33 ||    51
    Use: Scroll            |     6 |     2 ||     8
         Potion            |     1 |     1 ||     2
 Armour: Leather armour    |     4 |       ||     4
         Ring mail         |       |     3 ||     3
  Dodge: Dodged            |    19 |    10 ||    29

Table legend:
 A = Non-vault XP
 B = Vault XP
 C = Vault XP percentage of total XP
 D = Non-vault monster count
 E = Vault monster count
 F = Vault count percentage of total count
                 A         B        C        D         E       F
            +---------+---------+-------+---------+---------+-------
      Total |     187 |     267 |  58.8 |      47 |       1 |   2.1
            +---------+---------+-------+---------+---------+-------
        D:1 |      16 |       0 |   0.0 |       9 |       0 |   0.0
        D:2 |      67 |       0 |   0.0 |      15 |       0 |   0.0
        D:3 |     102 |     267 |  72.4 |      22 |       1 |   4.3
        D:4 |       2 |       0 |   0.0 |       1 |       0 |   0.0
            +---------+---------+-------+---------+---------+-------
